 Dungeon Crawl Stone Soup version 0.30.0-10-gfe55d96785 (webtiles) character file.

Game seed: 989195253823707175

86 Sabo the Chopper (level 4, -7/45 HPs)
             Began as an Ogre Gladiator on May 13, 2023.
             Mangled by Ijyb
             ... wielding a +6 club
              (11 damage)
             ... on level 3 of the Dungeon.
             The game lasted 00:10:55 (2175 turns).

Sabo the Chopper (Ogre Gladiator)                   Turns: 2175, Time: 00:10:55

Health: -7/45      AC:  5    Str: 20    XL:     4   Next: 49%
Magic:  4/4        EV: 10    Int:  9    God:
Gold:   125        SH:  0    Dex: 10    Spells: 3/3 levels left

rFire   . . .        f - +1 short sword (vamp)
rCold   . . .        (no shield)
rNeg    . . .        b - +0 robe
rPois   .            c - +2 hat
rElec   .            (no cloak)
rCorr   .            (gloves unavailable)
SInv    .            (boots unavailable)
Will    .....        (no amulet)
Stlth   +            (no ring)
HPRegen 0.27/turn    (no ring)
MPRegen 0.09/turn

%: no passive effects
@: about to teleport
A: large, unfitting armour, tough skin 1
a: no special abilities


You were on level 3 of the Dungeon.
You visited 1 branch of the dungeon, and saw 3 of its levels.

You collected 125 gold pieces.

Inventory:

Hand Weapons
 a - a +0 war axe
 f - a +1 vampiric short sword (weapon)
 m - a +2 dagger of draining
 p - a +1 whip of electrocution
Missiles
 d - 3 throwing nets (quivered)
 e - a large rock
Armour
 b - a +0 robe (worn)
 c - a +2 hat (worn)
Scrolls
 g - a scroll of amnesia {unknown}
 j - a scroll of noise {unknown}
 l - a scroll of identify {unknown}
 n - a scroll of fear {unknown}
 q - a scroll of fog {unknown}
Potions
 i - a potion of brilliance {unknown}
 k - a potion of curing
 o - a potion of might {unknown}
 r - a potion of ambrosia {unknown}


   Skills:
 + Level 3.5 Fighting
 + Level 0.3 Short Blades
 + Level 4.0 Axes
 + Level 2.1 Throwing
 + Level 3.3 Dodging
 + Level 0.2 Stealth


You had 3 spell levels left.
You didn't know any spells.
Your spell library was empty.

Dungeon Overview and Level Annotations

Branches:
Dungeon (3/15)

Altars:

Annotations:
D:3 Ijyb


Innate Abilities, Weirdness & Mutations

You are too large for most types of armour.
You have tough skin. (AC +1)


Message History

You barely miss Ijyb. Ijyb hits you with a +6 club.
You closely miss Ijyb. Ijyb hits you with a +6 club.
You closely miss Ijyb. Ijyb closely misses you.
You hit Ijyb.
You feel better.
Ijyb is lightly wounded.
Ijyb hits you with a +6 club.
You hit Ijyb but do no damage.
Ijyb is lightly wounded.
You barely miss Ijyb.
Ijyb is lightly wounded.
Ijyb hits you with a +6 club.
You barely miss Ijyb.
Ijyb is lightly wounded.
Ijyb zaps a wand.
The roots erupt in riotous growth!
The grasping roots grab you!
Ijyb is unaffected.
The grasping roots constrict you.
You hit Ijyb but do no damage.
Ijyb is lightly wounded.
Ijyb hits you with a +6 club!
* * * LOW HITPOINT WARNING * * *
The grasping roots constrict you.
* * * LOW HITPOINT WARNING * * *
You hit Ijyb.
You feel better.
Ijyb is lightly wounded.
Ijyb hits you with a +6 club!
* * * LOW HITPOINT WARNING * * *
The grasping roots constrict you.
* * * LOW HITPOINT WARNING * * *
The grasping roots release their grip on you.
It was a potion of curing.
You feel better. Ijyb barely misses you.
A dart slug comes into view.
You closely miss Ijyb.
Ijyb is lightly wounded.
Ijyb screams, "It's all mine!"
Ijyb hits you with a +6 club.
* * * LOW HITPOINT WARNING * * *
As you read the scroll labelled VAKUVOPSEA, it crumbles to dust.
You feel strangely unstable.
It was a scroll of teleportation.
Ijyb hits you with a +6 club!
You die...

########## ####
.........# #...
.........# #...
.!.......############...
w.....g@.'..........'...
.........#..........#...
........)#..........#...
##########..........#...
#..........#...
+..........+...
#..........####
..######...# #


You could see Ijyb and a dart slug.

Vanquished Creatures
  2 adders (D:2)
  A worm (D:2)
  A dart slug (D:2)
  5 ball pythons
  5 bats
  4 endoplasms
  3 giant cockroaches
  8 goblins
  2 hobgoblins
  9 jackals (D:1)
  2 quokkas (D:1)
  3 frilled lizards
  8 kobolds
  6 rats
59 creatures vanquished.

Notes
Turn   | Place    | Note
-------+----------+-------------------------------------------
     0 | D:1      | Sabo the Ogre Gladiator began the quest for the Orb.
     0 | D:1      | Reached XP level 1. HP: 22/22 MP: 1/1
   127 | D:1      | Reached XP level 2. HP: 25/29 MP: 2/2
   365 | D:1      | Reached XP level 3. HP: 36/37 MP: 3/3
  1078 | D:2      | Reached XP level 4. HP: 35/45 MP: 4/4
  1325 | D:2      | Reached skill level 4 in Axes
  2158 | D:3      | Noticed Ijyb
  2172 | D:3      | HP: 1/45 [constriction (4)]
  2175 | D:3      | Mangled by Ijyb

Illustrated notes

Levels and vault maps discovered:
D:1:      scummos_arrival_gate, layout_rooms
D:2:      layout_rooms, serial_co_window_serial, co_window_of_opportunity_a,
          co_window_paths_a, co_window_paths_a, co_window_corner_a,
          co_window_corner_a, co_window_paths_b, co_window_paths_a,
          co_window_paths_a, co_window_paths_b, co_window_corner_cb,
          co_window_unsneaky_path_c, co_window_unsneaky_path_b,
          co_window_corner_cb, co_window_corner_b, co_window_paths_c,
          co_window_cross_2, co_window_paths_e, glass_columns_a,
          glass_columns_b, glass_columns_a, glass_columns_a, glass_columns_a
D:3:      layout_basic, nicolae_ashenzari_panopticon,
          minmay_randomly_rotated_circles, uniq_ijyb, uniq_sigmund

Skill      XL: |  1  2  3  4 |
---------------+-------------+-----
Fighting       | 3 |  3.5
Dodging        | 3 |  3.3
Axes           | 4 |  4.0
Short Blades   | |  0.3
Throwing       | |  2.1
Stealth        | |  0.2

Action                     |  1- 3 |  4- 6 || total
---------------------------+-------+-------++-------
  Melee: War axe           |   111 |       ||   111
         Punch             |     1 |     2 ||     3
         Short sword       |       |    81 ||    81
    Use: Scroll            |     2 |     1 ||     3
         Potion            |       |     1 ||     1
 Armour: Robe              |    61 |    28 ||    89
  Dodge: Dodged            |    98 |    28 ||   126
